 Dungeon Crawl Stone Soup version 0.19.4-9-g45fd643 (webtiles) character file.

219 nikopol the Skirmisher (level 5, -1/51 HPs)
             Began as a Gargoyle Berserker on Feb 18, 2017.
             Was a Priest of Trog.
             Killed from afar by an orc wizard (4 damage)
             ... with a magic dart
             ... on level 3 of the Dungeon.
             The game lasted 00:03:26 (1901 turns).

nikopol the Skirmisher (Gargoyle Berserker)         Turns: 1901, Time: 00:03:26

Health: -1/51      AC: 15    Str: 25    XL:     5   Next: 96%
Magic:  5/5        EV:  9    Int:  8    God:    Trog [***...]
Gold:   48         SH:  0    Dex: 10    Spells: 0 memorised, 4 levels left

rFire  . . .     SeeInvis .     a - +0 hand axe
rCold  . . .     Gourm    .     l - +0 chain mail
rNeg   + . .     Faith    .     (no shield)
rPois  ∞         Spirit   .     q - +0 helmet
rElec  +         Reflect  .     (no cloak)
rCorr  .         Harm     .     u - +0 pair of gloves
MR     .....                    (no boots)
Stlth  ..........               (no amulet)
                                (no ring)
                                (no ring)

@: berserking (expiring), very quick
A: negative energy resistance 1, electricity resistance, unbreathing,
petrification resistance, rot immunity, AC +4
a: Berserk, Trog's Hand, Burn Spellbooks, Renounce Religion


You were on level 3 of the Dungeon.
You worshipped Trog.
Trog was most pleased with you.
You were hungry.

You visited 1 branch of the dungeon, and saw 3 of its levels.

You collected 48 gold pieces.

Inventory:

Hand Weapons
 a - a +0 hand axe (weapon)
Missiles
 k - 93 arrows (quivered)
Armour
 b - a +0 animal skin
 l - a +0 chain mail (worn)
 q - a +0 helmet (worn)
 u - a +0 pair of gloves (worn)
Scrolls
 e - 2 scrolls of blinking {unknown}
 i - 2 scrolls of immolation {unknown}
 j - a scroll of teleportation {unknown}
 n - 2 scrolls of recharging {unknown}
 p - 4 scrolls of fog {unknown}
 r - a scroll of identify {unknown}
 t - 2 scrolls of remove curse {unknown}
Potions
 f - a potion of curing {unknown}
 g - a potion of might {unknown}
 h - a potion of haste {unknown}
 m - a potion of cure mutation {unknown}
 s - a potion of agility {unknown}
Comestibles
 c - 3 bread rations
 d - a meat ration
 o - 2 beef jerkies
 v - 7 chunks of flesh


   Skills:
 + Level 4.6 Fighting
 + Level 3.7 Axes
 + Level 3.4 Armour
 + Level 2.8 Dodging


You had 4 spell levels left.
You didn't know any spells.

Dungeon Overview and Level Annotations

Branches:
Dungeon (3/15)

Altars:


Innate Abilities, Weirdness & Mutations

You are resistant to torment.
Your stone body is resilient. (AC +4)
You are immune to poison.
You resist negative energy. (rN+)
You are resistant to electric shocks. (rElec)
You can survive without breathing.
You are immune to petrification.
You are immune to rotting.


Message History

You hit the orc.
The orc is severely wounded.
You hit something. Something hits you but does no damage.
The orc barely misses you.
You slash the orc!
You kill the orc!
Trog accepts your kill.
You miss something.
You hear some strange, mumbled words.
A puff of flame appears from out of thin air!
The puff of flame hits you! Something hits you but does no damage.
You closely miss the orc priest. You barely miss something.
An orc wizard appears from thin air!
Reactivating autopickup.
The orc priest completely misses you. The orc wizard misses you.
Your chain mail prevents you from hitting the orc priest.
You closely miss the orc wizard. The orc wizard casts a spell at you.
The magic dart hits you!
You die...

# ##. #... .....
.....s#### #######
...[.oo@o#########......
......##...........#####
..... ############# o...
## .#. ##P#### # #..#..#
##.#.#.# #......#
##...#.#


You could see an orc priest, an orc wizard, 2 orcs and a giant cockroach.

Vanquished Creatures
  Ijyb (D:3)
  7 gnolls
  5 adders
  An ooze (D:3)
  A worm (D:2)
  2 dart slugs
  5 leopard geckos
  6 orcs (D:3)
  6 bats
  A giant cockroach (D:1)
  10 goblins
  5 hobgoblins
  4 kobolds
  4 ball pythons (D:3)
  3 frilled lizards
  4 rats
65 creatures vanquished.

Notes
Turn   | Place    | Note
-------+----------+-------------------------------------------
     0 | D:1      | nikopol the Gargoyle Berserker began the quest for the Orb.
     0 | D:1      | Reached XP level 1. HP: 14/14 MP: 1/1
   166 | D:1      | Reached XP level 2. HP: 17/19 MP: 2/2
   610 | D:2      | Reached XP level 3. HP: 20/24 MP: 3/3
   779 | D:2      | Reached ** piety under Trog
   863 | D:2      | Reached skill level 4 in Fighting
   863 | D:2      | Reached XP level 4. HP: 17/29 MP: 4/4
  1499 | D:3      | Reached XP level 5. HP: 29/34 MP: 5/5
  1663 | D:3      | Noticed Ijyb
  1675 | D:3      | Killed Ijyb
  1822 | D:3      | Reached *** piety under Trog
  1901 | D:3      | Killed from afar by an orc wizard

Skill      XL: |  1  2  3  4 |
---------------+-------------+-----
Dodging        | 2 |  2.8
Axes           | 3 |  3.7
Fighting       | 4 |  4.6
Armour         | 3 |  3.4

Action                   |  1- 3 |  4- 6 || total
-------------------------+-------+-------++-------
Melee: Hand axe          |    94 |   202 ||   296
Invok: Berserk           |       |     1 ||     1
  Eat: Chunk             |       |     4 ||     4
Armor: Animal skin       |    10 |       ||    10
       Chain mail        |    53 |   141 ||   194
Dodge: Dodged            |    52 |   104 ||   156
